 Dungeon Crawl Stone Soup version 0.21-a0-625-g1119ec1 (webtiles) character file.

301808 Charly the Executioner (level 20, 0/193 HPs)
             Began as a Deep Dwarf Fighter on Dec 24, 2017.
             Was the Champion of Makhleb.
             Killed from afar by a fire giant (10 damage)
             ... with a bolt of fire
             ... on level 5 of the Depths.
             The game lasted 00:59:05 (17071 turns).

Charly the Executioner (Deep Dwarf Fighter)        Turns: 17071, Time: 00:59:06

Health: 0/193      AC: 49    Str: 31    XL:     20   Next: 20%
Magic:  21/21      EV: 19    Int: 10    God:    Makhleb [******]
Gold:   1226       SH:  0    Dex: 12    Spells: 19/19 levels left

rFire    . . .     SeeInvis .   b - +9 executioner's axe (protect)
rCold    . . .     Gourm    .   (shield currently unavailable)
rNeg     + + .     Faith    .   H - +9 scale mail of Paranoia {rPois}
rPois    +         Spirit   .   g - +2 helmet
rElec    .         Reflect  .   T - +2 cloak
rCorr    .         Harm     .   Q - +0 pair of gloves
MR       +++..                  h - +2 pair of boots {Fly}
Stlth    ..........             r - macabre finger necklace {rN+}
HPRegen  0.00/turn              J - +6 ring of protection
MPRegen  0.17/turn              X - +4 ring of protection
                                z - +3 ring of strength

@: protection aura, flying, non-regenerating
A: damage resistance, heal wounds, negative energy resistance 1, sense
surroundings 3, no regeneration
}: 2/15 runes: decaying, gossamer
a: Heal Wounds, Minor Destruction, Lesser Servant of Makhleb, Major Destruction,
Greater Servant of Makhleb, Renounce Religion, Stop Flying


You were on level 5 of the Depths.
You worshipped Makhleb.
Makhleb was exalted by your worship.
You were hungry.

You visited 7 branches of the dungeon, and saw 39 of its levels.
You visited 1 bazaar.
You also visited: Labyrinth.

You collected 2591 gold pieces.
You spent 1365 gold pieces at shops.

Inventory:

Hand Weapons
 a - a +8 antimagic battleaxe
 b - a +9 executioner's axe of protection (weapon)
 W - a +2 broad axe of electrocution
Missiles
 t - a throwing net (quivered)
Armour
 g - a +2 helmet (worn)
 h - a +2 pair of boots of flying (worn)
 H - the +9 scale mail of Paranoia (worn) {rPois}
   (You found it on level 6 of the Lair of Beasts)

   It protects you from poison.
 I - +0 fire dragon scales
 Q - a +0 pair of gloves (worn)
 T - a +2 cloak (worn)
 V - a +0 cloak of poison resistance
Jewellery
 c - an uncursed ring of ice
 f - an uncursed ring of protection from fire
 m - an uncursed ring of protection from magic
 r - the macabre finger necklace (around neck) {rN+}
   (You found it on level 4 of the Dungeon)

   [amulet of nothing]

   It protects you from negative energy.
 z - a +3 ring of strength (on amulet)
 J - a +6 ring of protection (left hand)
 M - the amulet "Miunk" {Reflect MP+9 Int+2 SH+3}
   (You found it on level 13 of the Dungeon)

   [amulet of reflection]

   It shields you and reflects attacks.
   It affects your intelligence (+2).
   It affects your magic capacity (+9).
   It affects your SH (+3).
 X - a +4 ring of protection (right hand)
Wands
 d - a wand of acid (26)
 i - a wand of flame (139)
 n - a wand of digging (19)
 F - a wand of clouds (7)
 N - a wand of enslavement (5)
 R - a wand of random effects (19)
 U - a wand of iceblast (8)
Scrolls
 j - 7 scrolls of remove curse
 v - a scroll of fear
 w - 3 scrolls of fog
 x - 6 scrolls of teleportation
 D - 3 scrolls of identify
 K - 2 scrolls of enchant armour
 L - 4 scrolls of blinking
 S - a scroll of magic mapping
Potions
 e - 6 potions of haste
 k - 5 potions of ambrosia
 l - a potion of agility
 o - 2 potions of might
 p - 3 potions of lignification
 q - 2 potions of magic
 u - 5 potions of flight
 B - a potion of heal wounds
 E - 6 potions of curing
 G - 2 potions of berserk rage
 O - a potion of mutation
 P - 5 potions of cancellation
Books
 A - a book of Beasts

   Spells                             Type                      Level
   a - Summon Butterflies             Summoning                    1
   b - Call Canine Familiar           Summoning                    3
   c - Summon Ice Beast               Ice/Summoning                4
   d - Summon Mana Viper              Hexes/Summoning              5
   e - Summon Hydra                   Summoning                    7
Miscellaneous
 y - a phial of floods
 C - a fan of gales
Comestibles
 s - 37 rations


   Skills:
 + Level 14.9 Fighting
 * Level 22.7 Axes
 + Level 17.2 Armour
 + Level 15.7 Dodging
   Level 8.0 Shields
 * Level 14.0 Invocations


You had 19 spell levels left.
You didn't know any spells.

Dungeon Overview and Level Annotations

Branches:
Dungeon (15/15)            Temple (1/1) D:7            Lair (6/6) D:8
  Swamp (4/4) Lair:4       Spider (4/4) Lair:2          Orc (0/2) D:10
 Vaults (4/5) D:13          Crypt (0/3) Vaults:2     Depths (5/5) D:15
  Slime: Lair:5-6       Zot: Depths:5

Altars:
Cheibriados
Dithmenos
Fedhas
Hepliaklqana
Kikubaaqudgha
Makhleb
Nemelex Xobeh
Okawaru
Uskayaw
Wu Jian
Yredelemnul
Zin
Jiyva

Shops:
D:14 *   Vaults:1 (   Vaults:3 (   Depths:2 !=

Portals:
Hell: Depths:1 Depths:3 Depths:4
Abyss: Depths:4 Depths:5
Pandemonium: Depths:2 Depths:3
Ziggurat: Depths:2

Annotations:
Lair:6 1 runed door
Vaults:3 Bai Suzhen
Vaults:4 mortelune's ghost, veteran DsAK


Innate Abilities, Weirdness & Mutations

You are resistant to damage.
You can heal yourself by infusing magical energy.
You resist negative energy. (rN+)
You passively map a large area around you.
You do not regenerate.


Message History

The fire giant points at you and mumbles some strange words.
The fireball explodes!
The fireball engulfs you!
* * * LOW HITPOINT WARNING * * *
The fireball engulfs the fire giant.
The fire giant resists.
You hear a horrible gurgling sound!
You hear a deafening roar!
Unknown command.
You barely miss the fire giant.
The fire giant is almost dead.
The fire giant casts a spell at you.
The fireball explodes!
The fireball engulfs you!
* * * LOW HITPOINT WARNING * * *
The fireball engulfs the fire giant.
The fire giant resists.
You hear a horrible gurgling sound!
Unknown command.
Okay, then.
You completely miss the fire giant.
The fire giant is almost dead.
The fire giant casts a spell at you. The bolt of fire hits you!
You die...

##* #.#* * #.#
## * * *#.#*
*#.# * ,* #.#*
#.#* ,, #.#* #.#
, . ## *#.###.#*
..####., #@#.#
,....... * ##C#*
, u......*
###.##
#....C.###..## ,
u....u..C.C.# ,,
.........u..####
,
.............#.#
...............#
*,
##...###...^..##


You could see a fire giant.

Vanquished Creatures
  A juggernaut (Depths:4)
  Saint Roka (Vaults:4)
  the Lernaean hydra (Swamp:4)
  Jory (Depths:4)
  Nikola (Depths:2)
  A golden dragon (Depths:4)
  A lich (Vaults:2)
  A tentacled monstrosity (Depths:4)
  2 titans
  5 sphinxes
  A thorn hunter (Swamp:3)
  2 tengu reavers
  2 shadow dragons (Depths:4)
  9 frost giants
  2 fire giants
  5 ghost moths
  5 emperor scorpions
  4 vault wardens
  A ghoul (Vaults:4)
  Louise (Depths:4)
  A spriggan defender (Depths:4)
  2 ironheart preservers
  An entropy weaver (Spider:3)
  11 stone giants
  16 very ugly things
  A vampire knight (Depths:4)
  A deep elf demonologist (Depths:4)
  2 spark wasps (Spider:4)
  A deep elf annihilator (Depths:4)
  3 deep elf death magi (Depths:4)
  A minotaur (Lab)
  4 ettins
  5 fire dragons
  2 jiangshi (Depths:2)
  Erolcha (D:13)
  9 yaktaur captains
  10 great orbs of eyes
  Fannar (D:12)
  3 rakshasas
  16 hydras
  10 ice dragons
  3 spriggan air magi
  6 centaur warriors
  2 death knights
  A two-headed ogre (shapeshifter) (Vaults:2)
  3 catoblepae (Lair:6)
  3 alligators
  11 deep troll shamans
  5 ogre magi
  16 two-headed ogres
  9 death yaks (Lair:6)
  3 tengu warriors
  4 deep troll earth magi
  4 spriggans
  6 spriggan berserkers
  9 hell knights
  A deep elf knight (Vaults:4)
  Nergalle (D:12)
  6 iron trolls
  3 unseen horrors
  An unseen horror (shapeshifter) (Vaults:4)
  A skeletal warrior (Vaults:4)
  2 shambling mangroves
  A spriggan druid (Swamp:3)
  2 wizards
  3 glowing orange brains
  23 deep trolls
  2 flayed ghosts
  4 deep elf archers
  4 ironbrand convokers
  10 swamp dragons
  A harpy (Vaults:2)
  2 phantasmal warriors
  7 necromancers
  8 orc knights
  5 cyclopes
  15 orb spiders
  8 deep elf magi
  10 ugly things
  An orc sorcerer (Vaults:3)
  3 manticores
  A frost giant skeleton (Depths:2)
  4 moths of wrath
  22 wolf spiders
  5 elephants
  3 black mambas
  4 vault sentinels
  Maurice (D:13)
  A spriggan zombie (Depths:1)
  7 spiny frogs
  A torpor snail (shapeshifter) (Vaults:1)
  2 gargoyles
  41 yaktaurs
  A torpor snail (Spider:4)
  An efreet (D:15)
  4 kobold demonologists
  6 komodo dragons
  5 freezing wraiths
  8 demonic crawlers
  A spriggan skeleton (Depths:1)
  4 tengu conjurers
  6 trolls
  14 jumping spiders
  11 hornets
  A bog body (Swamp:3)
  4 tyrant leeches
  7 hippogriffs
  40 slime creatures
  A sphinx simulacrum (Vaults:1)
  A raiju (shapeshifter) (Vaults:3)
  A fire dragon zombie (Depths:1)
  2 ettin skeletons (Depths:2)
  3 air elementals
  Sigmund (D:3)
  A shadow (Swamp:4)
  9 yaks (Lair:6)
  23 tarantellas
  47 redbacks
  3 wraiths
  A hog (Spider:3)
  23 vampire mosquitoes
  A basilisk (D:12)
  A wyvern (D:15)
  Menkaure (D:4)
  6 wargs
  An acid dragon (Vaults:2)
  A soldier ant (shapeshifter) (Vaults:3)
  9 swamp worms
  A water moccasin (shapeshifter) (D:15)
  A human zombie (Depths:2)
  9 water moccasins
  3 porcupines
  9 orc warriors
  12 swamp drakes
  A sky beast (D:13)
  2 ice beasts
  A black bear (D:6)
  4 phantoms
  11 ogres
  A necrophage (D:10)
  12 wolves
  5 boggarts
  23 centaurs
  A crocodile (shapeshifter) (Depths:5)
  9 crocodiles
  9 big kobolds
  A gnoll sergeant (D:10)
  13 bullfrogs
  A wyvern skeleton (D:12)
  3 scorpions
  15 killer bees
  2 electric eels
  A howler monkey (D:5)
  9 crimson imps
  A quasit (D:8)
  3 bullfrog zombies
  2 centaur zombies
  7 orc priests
  4 jellies
  A centaur skeleton (D:6)
  2 bullfrog skeletons
  7 hounds
  4 iguanas
  6 worker ants
  5 orc wizards
  A hound skeleton (D:10)
  2 worker ant zombies
  7 gnolls
  10 adders
  5 shadow imps
  An ufetubus (Depths:3)
  2 adder skeletons
  A dart slug (D:2)
  6 leopard geckos
  44 orcs
  A bat (D:2)
  4 giant cockroaches
  6 goblins
  3 hobgoblins (D:1)
  6 jackals
  4 quokkas
  2 ball pythons
  2 frilled lizards
  15 kobolds
  A leopard gecko zombie (D:8)
  A rat (D:3)
  7 briar patches (Swamp:3)
  3 fungi
  4 plants
1037 creatures vanquished.

Vanquished Creatures (others)
  A lich (Depths:4)
  A jiangshi (Depths:2)
  An ice dragon (Depths:2)
  A vampire mage (Depths:2)
  An unseen horror (D:13)
  3 yaktaurs
  An air elemental (Depths:5)
  7 fungi
  9 plants
25 creatures vanquished.

Grand Total: 1062 creatures vanquished

Notes
Turn   | Place    | Note
-------+----------+-------------------------------------------
     0 | D:1      | Charly the Deep Dwarf Fighter began the quest for the Orb.
     0 | D:1      | Reached XP level 1. HP: 20/20 MP: 1/1
   184 | D:2      | Reached XP level 2. HP: 27/27 MP: 2/2
   284 | D:3      | Reached skill level 3 in Axes
   350 | D:4      | Reached XP level 3. HP: 16/34 MP: 3/3
   392 | D:3      | Noticed Sigmund
   416 | D:3      | Killed Sigmund
   416 | D:3      | Reached skill level 4 in Axes
   416 | D:3      | Reached XP level 4. HP: 26/42 MP: 3/3
   416 | D:3      | Reached XP level 5. HP: 31/49 MP: 4/4
   624 | D:4      | Found the macabre finger necklace {rN+}
   624 | D:4      | Reached XP level 6. HP: 31/57 MP: 5/5
   653 | D:4      | Reached skill level 5 in Axes
   749 | D:4      | Noticed Menkaure
   757 | D:4      | Killed Menkaure
   757 | D:4      | Reached XP level 7. HP: 24/64 MP: 6/6
   873 | D:4      | Reached skill level 6 in Axes
   926 | D:4      | Reached skill level 5 in Shields
  1000 | D:4      | Found a hazy altar of Hepliaklqana.
  1024 | D:5      | Entered Level 5 of the Dungeon
  1030 | D:5      | Reached skill level 5 in Armour
  1236 | D:5      | Reached XP level 8. HP: 44/73 MP: 5/5
  1299 | D:5      | Reached skill level 7 in Axes
  1555 | D:6      | Reached skill level 5 in Fighting
  1831 | D:6      | Reached skill level 8 in Axes
  2047 | D:7      | Found a staircase to the Ecumenical Temple.
  2061 | Temple   | Entered the Ecumenical Temple
  2194 | Temple   | Became a worshipper of Makhleb the Destroyer
  2289 | D:8      | Gained mutation: You passively map the area around you. [Deep Dwarf growth]
  2289 | D:8      | Reached XP level 9. HP: 70/81 MP: 6/6
  2383 | D:8      | Found a staircase to the Lair.
  2387 | D:8      | Reached skill level 9 in Axes
  2427 | D:8      | Reached * piety under Makhleb
  2608 | D:9      | Found a blossoming altar of Fedhas.
  2780 | D:9      | Noticed a troll
  2789 | D:9      | Killed a troll
  2789 | D:9      | Reached skill level 10 in Axes
  2817 | D:9      | Found a hide-covered altar of Uskayaw.
  2917 | D:10     | Entered Level 10 of the Dungeon
  2965 | D:10     | Noticed a troll
  2974 | D:10     | Killed a troll
  2974 | D:10     | Reached XP level 10. HP: 63/92 MP: 4/4
  3094 | D:10     | Reached ** piety under Makhleb
  3115 | D:10     | Found a staircase to the Orcish Mines.
  3228 | D:11     | You fall through a shaft for 3 floors!
  3333 | D:14     | Found a flickering gateway to a bazaar.
  3341 | Bazaar   | Entered a bazaar
  3341 | Bazaar   | Found Namybbeg's General Store.
  3341 | Bazaar   | Found Fiaxau Fong's Weapon Shop.
  3341 | Bazaar   | Found Onimutet's Book Shoppe.
  3341 | Bazaar   | Found Jybb's Assorted Antiques.
  3344 | Bazaar   | Found Linail's Weapon Shoppe.
  3344 | Bazaar   | Found Esoawuf's Armour Boutique.
  3368 | Bazaar   | Identified a scroll of acquirement
  3377 | Bazaar   | Bought a +3 executioner's axe of draining for 420 gold pieces
  3393 | Bazaar   | Bought a +1 pair of boots of flying for 214 gold pieces
  3419 | D:13     | Noticed a centaur warrior
  3425 | D:13     | Killed an unseen horror
  3435 | D:13     | Reached skill level 1 in Dodging
  3438 | D:13     | Killed a centaur warrior
  3438 | D:13     | Reached skill level 11 in Axes
  3601 | D:10     | Reached *** piety under Makhleb
  3607 | D:10     | Reached XP level 11. HP: 79/100 MP: 5/5
  3679 | D:10     | Reached skill level 12 in Axes
  3751 | Lair:1   | Entered Level 1 of the Lair of Beasts
  3842 | Lair:1   | Noticed an eight-headed hydra
  3901 | Lair:1   | Reached skill level 1 in Invocations
  3903 | Lair:1   | Found a labyrinth entrance.
  3929 | Lab      | Entered a labyrinth
  4002 | Lab      | Killed an unseen horror
  4035 | Lab      | Killed an unseen horror
  4263 | Lab      | Noticed a minotaur
  4279 | Lab      | Killed a minotaur
  4290 | Lab      | Identified the Disquisition on Fascination
  4294 | Lab      | Identified the Handbook of Unstable Self-Knowledge
  4614 | Lair:2   | Found a hole to the Spider Nest.
  4770 | Lair:3   | Noticed a five-headed hydra
  4775 | Lair:3   | Killed a one-headed hydra
  4798 | Lair:3   | Reached skill level 5 in Dodging
  4854 | Lair:3   | Reached skill level 5 in Invocations
  4912 | Lair:3   | Reached skill level 13 in Axes
  4926 | Lair:3   | Reached **** piety under Makhleb
  5117 | Lair:3   | Reached XP level 12. HP: 99/112 MP: 9/9
  5174 | Lair:4   | Reached skill level 10 in Armour
  5353 | Lair:4   | Found a staircase to the Swamp.
  5436 | Lair:5   | Noticed a four-headed hydra
  5444 | Lair:5   | Killed a two-headed hydra
  5545 | Lair:6   | Entered Level 6 of the Lair of Beasts
  5728 | Lair:6   | Noticed a four-headed hydra
  5736 | Lair:6   | Killed a one-headed hydra
  5742 | Lair:6   | Found a runed door.
  5742 | Lair:6   | Found a viscous altar of Jiyva.
  5763 | Lair:6   | Reached skill level 14 in Axes
  5826 | Lair:6   | Noticed an eight-headed hydra
  5832 | Lair:6   | Killed a five-headed hydra
  5883 | Lair:6   | Got a faintly humming scale mail
  5885 | Lair:6   | Identified the +9 scale mail of Paranoia {rPois} (You found it on level 6 of the Lair of Beasts)
  5970 | Lair:6   | Noticed a catoblepas
  5982 | Lair:6   | Killed a catoblepas
  5999 | Lair:6   | Noticed a catoblepas
  6001 | Lair:6   | Noticed a death yak
  6008 | Lair:6   | Noticed a death yak
  6011 | Lair:6   | Noticed a death yak
  6019 | Lair:6   | Killed a catoblepas
  6025 | Lair:6   | Killed a death yak
  6027 | Lair:6   | Killed a death yak
  6030 | Lair:6   | Killed a death yak
  6031 | Lair:6   | Reached XP level 13. HP: 121/121 MP: 10/10
  6152 | Lair:6   | Reached skill level 15 in Axes
  6578 | D:12     | Noticed Fannar
  6594 | D:12     | Killed Fannar
  6811 | D:12     | Reached ***** piety under Makhleb
  6945 | D:12     | Reached skill level 10 in Fighting
  6946 | D:12     | Noticed Nergalle
  6952 | D:12     | Killed Nergalle
  7080 | D:13     | Got a scorched sapphire amulet
  7081 | D:13     | Identified the amulet "Miunk" {Reflect MP+9 Int+2 SH+3} (You found it on level 13 of the Dungeon)
  7094 | D:13     | Noticed Maurice
  7105 | D:13     | Killed Maurice
  7155 | D:13     | Noticed Erolcha
  7172 | D:13     | Killed Erolcha
  7374 | D:13     | Reached skill level 16 in Axes
  7382 | D:13     | Gained mutation: You resist negative energy. (rN+) [Deep Dwarf growth]
  7382 | D:13     | Reached XP level 14. HP: 133/133 MP: 11/11
  7440 | D:13     | Found a gate to the Vaults.
  7501 | D:14     | Found Hipp's Changing Room.
  7763 | D:15     | Entered Level 15 of the Dungeon
  7950 | D:15     | Found a shadowy altar of Dithmenos.
  8108 | D:15     | Reached skill level 10 in Dodging
  8185 | D:15     | Reached ****** piety under Makhleb
  8372 | D:15     | Found a staircase to the Depths.
  8663 | Swamp:1  | Entered Level 1 of the Swamp
  8828 | Swamp:3  | Noticed a thorn hunter
  8845 | Swamp:3  | Killed a thorn hunter
  8906 | Swamp:3  | Reached skill level 17 in Axes
  9010 | Swamp:4  | Entered Level 4 of the Swamp
  9247 | Swamp:4  | Reached XP level 15. HP: 125/142 MP: 12/12
  9273 | Swamp:4  | Noticed the 27-headed Lernaean hydra
  9280 | Swamp:4  | Killed the 24-headed Lernaean hydra
  9364 | Swamp:4  | Got a decaying rune of Zot
  9600 | Spider:1 | Entered Level 1 of the Spider Nest
  9612 | Spider:1 | Killed a ghost moth
  9652 | Spider:1 | Reached skill level 18 in Axes
  9952 | Spider:4 | Entered Level 4 of the Spider Nest
 10231 | Spider:4 | Reached XP level 16. HP: 73/152 MP: 13/13
 10598 | Spider:4 | Reached skill level 19 in Axes
 10822 | Spider:4 | Got a gossamer rune of Zot
 11148 | Vaults:1 | Entered Level 1 of the Vaults
 11600 | Vaults:1 | Found Igyeckua's Antique Weapon Shoppe.
 11893 | Vaults:2 | Found a staircase to the Crypt.
 11893 | Vaults:2 | Found a basalt altar of Yredelemnul.
 11894 | Vaults:2 | Found an ancient bone altar of Kikubaaqudgha.
 11932 | Vaults:2 | Noticed a lich
 11933 | Vaults:2 | Killed a lich
 11933 | Vaults:2 | Reached skill level 15 in Armour
 11946 | Vaults:2 | Reached XP level 17. HP: 163/163 MP: 14/14
 12026 | Vaults:2 | Reached skill level 20 in Axes
 12832 | Vaults:3 | Found Cuokhy's Weapon Shoppe.
 12852 | Vaults:3 | Found a sparkling altar of Nemelex Xobeh.
 12906 | Vaults:3 | Noticed Bai Suzhen
 13242 | Vaults:4 | Noticed Saint Roka
 13280 | Vaults:4 | Killed Saint Roka
 13389 | Vaults:4 | Noticed mortelune's ghost (veteran DsAK)
 13528 | Vaults:3 | Reached skill level 21 in Axes
 13958 | Depths:1 | Entered Level 1 of the Depths
 13972 | Depths:1 | Gained mutation: You passively map a large area around you. [Deep Dwarf growth]
 13972 | Depths:1 | Reached XP level 18. HP: 173/174 MP: 14/14
 14246 | Depths:1 | Found a gateway to Hell.
 14487 | Depths:2 | Found Ninan's Distillery.
 14495 | Depths:2 | Found Kuerr's Jewellery Boutique.
 14510 | Depths:2 | Noticed Nikola
 14548 | Depths:2 | Killed Nikola
 14576 | Depths:2 | Reached skill level 10 in Invocations
 14635 | Depths:2 | Bought a potion of curing for 51 gold pieces
 14635 | Depths:2 | Bought a potion of might for 68 gold pieces
 14635 | Depths:2 | Bought a potion of curing for 51 gold pieces
 14635 | Depths:2 | Bought a potion of heal wounds for 85 gold pieces
 14635 | Depths:2 | Bought 2 potions of haste for 340 gold pieces
 14635 | Depths:2 | Bought a potion of berserk rage for 85 gold pieces
 14635 | Depths:2 | Bought a potion of curing for 51 gold pieces
 14648 | Depths:2 | Found a one-way gate leading to the halls of Pandemonium.
 14659 | Depths:2 | Found a gateway to a ziggurat.
 15155 | Depths:3 | Reached XP level 19. HP: 174/182 MP: 18/18
 15482 | Depths:4 | Reached skill level 15 in Dodging
 15696 | Depths:4 | Noticed Louise
 15768 | Depths:4 | Reached skill level 22 in Axes
 15874 | Depths:4 | Killed Louise
 15899 | Depths:4 | Found a one-way gate to the infinite horrors of the Abyss.
 16395 | Depths:4 | Noticed a golden dragon
 16402 | Depths:4 | Killed a golden dragon
 16437 | Depths:4 | Noticed Jory
 16481 | Depths:4 | Killed Jory
 16534 | Depths:4 | Noticed a juggernaut
 16554 | Depths:4 | Killed a juggernaut
 16809 | Depths:5 | Entered Level 5 of the Depths
 16867 | Depths:5 | Reached XP level 20. HP: 156/192 MP: 21/21
 17071 | Depths:5 | Killed from afar by a fire giant

Vault maps used:
D:1:      minmay_arrival_glassed_features
D:2:      grunt_temple_overflow_open, minitemple
D:3:      minmay_misc_feat_cross, uniq_grinder, uniq_sigmund
D:4:      nicolae_overflow_hidden_temple, uniq_menkaure
D:5:      first_ration
D:6:      serial_park_tiny_2, palyth_stone_intersect
D:7:      temple_pool_b, the_bakery, minivault_5, uniq_crazy_yiuf_cottage
D:8:      erik_lair_orcish_takeover, serial_corexii_hall,
          corexii_hall_statues_u, corexii_hall_statues_u,
          makhleb_altar_promises_db
D:9:      dancing_weapons_uskayaw, fedhas_bush_and_centaur_altar
D:10:     orc_0_dummy
D:12:     uniq_fannar, uniq_nergalle
D:13:     hangedman_vaults_entry_quadrant_bands, kennysheep_decorative_pillar,
          minmay_orc_keep, uniq_erolcha, uniq_maurice
D:14:     serial_shops, bzr_entry_islet, serial_park_tiny_1,
          nicolae_transmutations_shop, uniq_snorg
D:15:     grunt_enter_depths_hoard, grunt_dithmenos_smoke
Temple:   nicolae_temple_figure_eight
Lair:1:   lab_entry_generic, minivault_27, grunt_megastairs_3,
          infiniplex_staircase_pool_2, uniq_gastronok
Lair:2:   spider_nest_entry_web_field
Lair:3:   beast_lair_carwin_2
Lair:4:   minmay_swamp_entry_swarm
Lair:5:   serial_bayou_shore_b, serial_bayou_shore_a, lemuel_fruit_tree,
          minmay_lair_oklob_chamber
Lair:6:   evilmike_catoblepas_cave, slime_altar_2, serial_bayou_shore_b,
          lemuel_fruit_fields
Swamp:1:  nicolae_swamp_round_clearing, swamp_pool1, nicolae_swamp_fairy_circle,
          cheibrodos_swamp_slimy, infiniplex_staircase_pool, uniq_donald
Swamp:2:  evilmike_swamp_ruin_rubble_2, uniq_jorgrun
Swamp:3:  evilmike_swamp_ruin_house_3
Swamp:4:  swamp_old_school
Spider:1: uniq_azrael, uniq_rupert
Spider:4: spider_rune_water
Vaults:1: dpeg_vaults_waves, vaults_standard_mumra_enter_the_diamond,
          hangedman_vaults_slice, v_misc_19, ontoclasm_vaults_fault,
          nicolae_vaults_big_angled_halls, v_misc_26, vaults_room_fancy_cross,
          serial_shops, nicolae_shop_trees
Vaults:2: grunt_vaults_funnel, st_lattice, nicolae_vaults_network_square,
          hangedman_vaults_maws, minmay_crypt_entry_necro_gods,
          vaults_room_fancy_cross, grunt_vaults_diagonal,
          nicolae_vaults_little_squares_5, vaults_dpeg_ring,
          vaults_standard_mumra_enter_the_diamond, ontoclasm_vaults_twist
Vaults:3: nicolae_vaults_network_quinsquares, ontoclasm_vaults_idyll,
          nicolae_vaults_shelves_hall, ontoclasm_vaults_ring_square, v_misc_17,
          grunt_vaults_twisty, serial_shops,
          nicolae_shop_competitors_out_of_business, basic_altar, uniq_mennas,
          uniq_bai_suzhen
Vaults:4: vaults_dpeg_hooks, v_misc_28, v_misc_25, nicolae_vaults_asterisk,
          ontoclasm_vaults_shuriken, v_pattern_5, v_rooms_1,
          hangedman_vaults_slice, v_alt_pattern_4,
          ontoclasm_vaults_decontamination, v_misc_8, hangedman_vaults_nails,
          vaults_dpeg_diagonal, v_misc_29, vaults_room_semicircle, serial_shops,
          bzr_entry_gold, uniq_saint_roka
Depths:1: hell_entry, minivault_16, kennysheep_small_square, grunt_megastairs_4
Depths:2: constructs_gauntlet_mu_hangedman, enter_ziggurat_b, hell_entry,
          pan_entry, stair_cage_line, infiniplex_staircase_pillars_3a,
          firewood_loft, minmay_shoptagon, uniq_nikola
Depths:3: minmay_diamond_stairs, hangedman_coc_ice_floe, grunt_pan_entry_spiral
Depths:4: minmay_rotating_shell, nicolae_abyss_entry_one_way_or_another,
          hell_entry, nicolae_twisting_strands, library_closet, uniq_jory
Depths:5: grunt_zot_entry_alcove, abyss_entry, grunt_hell_entry_dis_grunt,
          tso_metal_star
Lab:      nicolae_lab_dead_adventurers, nicolae_lab_grate, nicolae_lab_t_cross
Bazaar:   bazaar_minmay_generic_island

Skill      XL: |  1  2  3  4  5  6  7  8  9 10 11 12 13 14 15 16 17 18 19 20 |
---------------+-------------------------------------------------------------+-----
Fighting       | 3 4 5 6 7 8 9 10 11 12 13 14 | 14.9
Axes           | 3 4 5 6 8 10 11 13 14 16 17 18 19 21 22 | 22.7
Armour         | 4 5 6 7 8 9 11 12 13 14 15 16 17 | 17.2
Shields        | 4 5 6 7 8 |  8.0
Dodging        | 3 5 7 9 10 12 13 14 15 | 15.7
Invocations    | 6 10 13 14 | 14.0

Action                   |  1- 3 |  4- 6 |  7- 9 | 10-12 | 13-15 | 16-18 | 19-21 || total
-------------------------+-------+-------+-------+-------+-------+-------+-------++-------
Melee: War axe           |    69 |    64 |   467 |   317 |       |       |       ||   917
       Executioner's axe |       |       |       |   182 |   743 |   893 |   410 ||  2228
       Battleaxe         |       |       |       |       |       |     7 |    34 ||    41
Invok: Lesser Servant of |       |       |       |     3 |     4 |     2 |       ||     9
 Abil: Heal Wounds       |     3 |     1 |    12 |     8 |     4 |    12 |     4 ||    44
Evoke: Wand              |       |       |       |     5 |    42 |    15 |     4 ||    66
       Phial of floods   |       |       |       |       |     1 |       |       ||     1
  Use: Potion            |     1 |     2 |       |       |     6 |     5 |     1 ||    15
       Scroll            |       |     1 |    10 |    22 |    12 |    12 |     5 ||    62
 Stab: Petrified         |       |       |       |    11 |     2 |       |       ||    13
       Petrifying        |       |       |       |     1 |       |       |       ||     1
       Distracted        |       |       |       |       |     1 |     1 |     1 ||     3
       Betrayed ally     |       |       |       |       |     1 |       |       ||     1
       Invisible         |       |       |       |       |       |     8 |       ||     8
  Eat: Chunk             |       |       |     8 |     8 |    14 |    11 |     3 ||    44
       Ration            |       |       |       |     1 |       |     2 |     1 ||     4
Armor: Scale mail        |    31 |    19 |    11 |    22 |   781 |   742 |   337 ||  1943
       Plate armour      |       |       |   293 |   424 |       |       |       ||   717
Dodge: Dodged            |    15 |    17 |   122 |   291 |   880 |   865 |   401 ||  2591
Block: Shield            |    28 |    30 |   304 |   265 |       |       |       ||   627

Table legend:
 A = Spawn XP
 B = Non-spawn XP
 C = Spawn XP percentage of total XP
 D = Spawn monster count
 E = Non-spawn monster count
 F = Spawn count percentage of total count
 G = Total turns spent on level
                    A         B        C        D         E        F      G
               +---------+---------+-------+---------+---------+-------+---------
         Total |       0 |  497021 |   0.0 |       0 |    1029 |   0.0 | 17071
               +---------+---------+-------+---------+---------+-------+---------
           D:1 |       0 |       8 |   0.0 |       0 |       4 |   0.0 |   124
           D:2 |       0 |      80 |   0.0 |       0 |       7 |   0.0 |   156
           D:3 |       0 |     252 |   0.0 |       0 |      12 |   0.0 |   307
           D:4 |       0 |     596 |   0.0 |       0 |      24 |   0.0 |   437
           D:5 |       0 |     613 |   0.0 |       0 |      12 |   0.0 |   322
           D:6 |       0 |     769 |   0.0 |       0 |      19 |   0.0 |   503
           D:7 |       0 |     335 |   0.0 |       0 |       6 |   0.0 |   255
           D:8 |       0 |    1744 |   0.0 |       0 |      28 |   0.0 |   298
           D:9 |       0 |     750 |   0.0 |       0 |      14 |   0.0 |   479
          D:10 |       0 |    2371 |   0.0 |       0 |      28 |   0.0 |   487
          D:11 |       0 |    1510 |   0.0 |       0 |      24 |   0.0 |   193
          D:12 |       0 |    5527 |   0.0 |       0 |      24 |   0.0 |   586
          D:13 |       0 |   17708 |   0.0 |       0 |      75 |   0.0 |   626
          D:14 |       0 |    6503 |   0.0 |       0 |      32 |   0.0 |   413
          D:15 |       0 |    9083 |   0.0 |       0 |      20 |   0.0 |   805
        Lair:1 |       0 |    2518 |   0.0 |       0 |      10 |   0.0 |   418
        Lair:2 |       0 |    1018 |   0.0 |       0 |       4 |   0.0 |   433
        Lair:3 |       0 |    5306 |   0.0 |       0 |      19 |   0.0 |   433
        Lair:4 |       0 |    3285 |   0.0 |       0 |      17 |   0.0 |   287
        Lair:5 |       0 |    2325 |   0.0 |       0 |       7 |   0.0 |   177
        Lair:6 |       0 |   17993 |   0.0 |       0 |      36 |   0.0 |   745
       Swamp:1 |       0 |    2440 |   0.0 |       0 |      10 |   0.0 |    80
       Swamp:2 |       0 |    2845 |   0.0 |       0 |       8 |   0.0 |    98
       Swamp:3 |       0 |    6819 |   0.0 |       0 |      13 |   0.0 |   278
       Swamp:4 |       0 |   25343 |   0.0 |       0 |      43 |   0.0 |   416
      Spider:1 |       0 |    6558 |   0.0 |       0 |      13 |   0.0 |   139
      Spider:2 |       0 |    3722 |   0.0 |       0 |      15 |   0.0 |    56
      Spider:3 |       0 |   18952 |   0.0 |       0 |      56 |   0.0 |   342
      Spider:4 |       0 |   37744 |   0.0 |       0 |      69 |   0.0 |   789
      Vaults:1 |       0 |   16727 |   0.0 |       0 |      34 |   0.0 |   706
      Vaults:2 |       0 |   28323 |   0.0 |       0 |      42 |   0.0 |   745
      Vaults:3 |       0 |   18394 |   0.0 |       0 |      34 |   0.0 |   728
      Vaults:4 |       0 |   36039 |   0.0 |       0 |      54 |   0.0 |   490
      Depths:1 |       0 |   28268 |   0.0 |       0 |      31 |   0.0 |   402
      Depths:2 |       0 |   42389 |   0.0 |       0 |      47 |   0.0 |   492
      Depths:3 |       0 |   21591 |   0.0 |       0 |      31 |   0.0 |   604
      Depths:4 |       0 |   93743 |   0.0 |       0 |      71 |   0.0 |  1454
      Depths:5 |       0 |   24614 |   0.0 |       0 |      33 |   0.0 |   161
           Lab |       0 |    2216 |   0.0 |       0 |       3 |   0.0 |   370
               +---------+---------+-------+---------+---------+-------+---------
